 Dungeon Crawl Stone Soup version 0.30.1-3-gfc49f6343a (webtiles) character file.

Game seed: 17425325674939076320

362 DemonSlayer the Digger (level 6, 0/43 HPs)
             Began as a Demonspawn Earth Elementalist on July 27, 2023.
             Slain by an adder (2 damage)
             ... on level 6 of the Dungeon.
             The game lasted 00:07:14 (3142 turns).

DemonSlayer the Digger (DsEE)                       Turns: 3142, Time: 00:07:16

Health: 0/43       AC:  3    Str:  8    XL:     6   Next: 39%
Magic:  12/12      EV: 12    Int: 17    God:
Gold:   153        SH:  0    Dex: 15    Spells: 7/13 levels left

rFire   . . .        h - +1 dagger (elec)
rCold   . . .        (no shield)
rNeg    . . .        a - +0 robe
rPois   .            (helmet restricted)
rElec   .            (no cloak)
rCorr   .            (no gloves)
SInv    .            (no boots)
Will    .....        (no amulet)
Stlth   ++           (no ring)
HPRegen 0.27/turn    (no ring)
MPRegen 0.13/turn

%: no passive effects
@: mighty
A: horns 1, rugged brown scales 1, powered by pain 2
a: no special abilities


You were on level 6 of the Dungeon.
You visited 1 branch of the dungeon, and saw 6 of its levels.

You collected 153 gold pieces.

Inventory:

Hand Weapons
 h - a +1 dagger of electrocution (weapon)
Missiles
 i - 4 silver javelins
Armour
 a - a +0 robe (worn)
Wands
 j - a wand of roots (9)
Scrolls
 c - a scroll of torment
 f - a scroll of fear {unknown}
 g - a scroll of vulnerability {unknown}
 k - 2 scrolls of immolation {unknown}
Potions
 b - a potion of lignification {unknown}
 d - 2 potions of attraction
 e - a potion of curing


   Skills:
 + Level 0.5 Fighting
 + Level 0.5 Short Blades
 + Level 0.3 Throwing
 + Level 2.2 Dodging
 + Level 2.3 Stealth
 + Level 4.2 Spellcasting
 + Level 0.8 Transmutations
 + Level 4.7 Earth Magic


You had 7 spell levels left.
You knew the following spells:

 Your Spells              Type           Power      Damage    Failure   Level
a - Sandblast             Erth           38%        2d10      2%          1
b - Stone Arrow           Conj/Erth      22%        3d8       17%         3
c - Passwall              Tmut/Erth      10%        N/A       8%          2

Your spell library contained the following spells:

 Spells                   Type           Power      Damage    Failure   Level
 Wereblood                Tmut           6%         N/A       16%         2
 Sublimation of Blood     Necr           3%         N/A       24%         2
 Petrify                  Tmut/Erth      13%        N/A       43%         4
 Summon Ice Beast         Ice/Summ       3%         N/A       83%         4
 Summon Mana Viper        Hex/Summ       3%         N/A       99%         5
 Monstrous Menagerie      Summ           1%         N/A       100%        7
 Summon Hydra             Summ           1%         N/A       100%        7


Dungeon Overview and Level Annotations

Branches:
Dungeon (7/15)
 Temple: D:4-7

Altars:
Nemelex Xobeh

Shops:
D:6 (


Innate Abilities, Weirdness & Mutations

You have a pair of small horns on your head.
You are partially covered in rugged brown scales. (AC +1, +3% HP)
You sometimes gain power by taking damage.


Message History

The gnoll bouda is lightly wounded.
The blast of sand hits the gnoll bouda.
The gnoll bouda is moderately wounded.
An adder comes into view.
The blast of sand hits the gnoll bouda.
The gnoll bouda is heavily wounded.
The adder hisses angrily.
The gnoll hits you from afar with a +0 spear.
The gnoll bouda hits you with a +0 whip!
The gnoll hits you from afar with a +0 spear.
The blast of sand hits the gnoll bouda!
The gnoll bouda is severely wounded.
The adder closely misses you. The gnoll hits you with a +0 club.
The gnoll completely misses you.
The gnoll bouda hits you with a +0 whip.
The adder misses you.
The gnoll hits you from afar with a +0 halberd.
As you read the scroll labelled NIFE OWKAOLE, it crumbles to dust.
Your body is wracked with pain!
* * * LOW HITPOINT WARNING * * *
You focus on the pain.
You feel very mighty all of a sudden.
The gnoll bouda convulses!
The adder convulses!
The gnoll convulses! x3
It was a scroll of torment.
The adder bites you.
* * * LOW HITPOINT WARNING * * *
You are poisoned.
The adder poisons you! The gnoll hits you with a +0 club.
* * * LOW HITPOINT WARNING * * *
The gnoll misses you.
The gnoll bouda hits you with a +0 whip!
* * * LOW HITPOINT WARNING * * *
You focus on the pain.
You feel your power returning. The gnoll barely misses you.
You feel better. The adder barely misses you.
The gnoll hits you from afar with a +0 spear.
* * * LOW HITPOINT WARNING * * *
The gnoll bouda hits you with a +0 whip.
* * * LOW HITPOINT WARNING * * *
The gnoll closely misses you. The adder bites you.
You die...

# #.##.#####.# # #..#
#.# #'## #.# #.# #.#
#######.######.#
#...'..∩.....#.# #
#.#####.#####.####...#
# #.......# #S# ###.#
# ######..# #@# #.#
##########.###ggg#
##.#
..............g###
#..# ########.......#
#### # #.......# #
#.......# # #.......+
# #.......# #
#########


You could see a gnoll bouda, 3 gnolls and an adder.

Vanquished Creatures
  A black bear (D:6)
  A bullfrog (D:6)
  A jelly (D:6)
  A hound (D:4)
  3 gnolls
  4 adders
  4 worms
  4 dart slugs
  9 ball pythons
  4 endoplasms
  3 giant cockroaches (D:1)
  8 goblins
  4 hobgoblins (D:1)
  4 kobolds
  2 bats (D:1)
  3 frilled lizards
  7 rats
63 creatures vanquished.

Notes
Turn   | Place    | Note
-------+----------+-------------------------------------------
     0 | D:1      | DemonSlayer the Demonspawn Earth Elementalist began the
                  | quest for the Orb.
     0 | D:1      | Reached XP level 1. HP: 13/13 MP: 3/3
   192 | D:1      | Gained mutation: You sometimes gain a little power by
                  | taking damage. [demonic ancestry]
   192 | D:1      | Reached XP level 2. HP: 19/19 MP: 1/5
   688 | D:1      | Gained mutation: You sometimes gain power by taking damage.
                  | [demonic ancestry]
   688 | D:1      | Reached XP level 3. HP: 24/24 MP: 0/6
  1164 | D:1      | Learned a level 3 spell: Stone Arrow
  1167 | D:1      | Learned a level 2 spell: Passwall
  1492 | D:2      | Gained mutation: You have a pair of small horns on your
                  | head. [demonic ancestry]
  1492 | D:2      | Reached XP level 4. HP: 29/30 MP: 5/8
  2517 | D:4      | Reached XP level 5. HP: 30/35 MP: 5/10
  2556 | D:4      | You fall into a shaft and drop 3 floors!
  2566 | D:7      | Found a sparkling altar of Nemelex Xobeh.
  2690 | D:6      | Noticed a black bear
  2690 | D:6      | HP: 1/36 [poisoned by a scorpion]
  2997 | D:6      | Killed a black bear
  2998 | D:6      | Gained mutation: You are partially covered in rugged brown
                  | scales. (AC +1, +3% HP) [demonic ancestry]
  2998 | D:6      | Reached XP level 6. HP: 36/43 MP: 8/12
  3063 | D:6      | Found Idghedoesu's Weapon Shop.
  3141 | D:6      | HP: 1/43 [gnoll bouda/+0 whip (8)]
  3142 | D:6      | Slain by an adder

Illustrated notes

Levels and vault maps discovered:
D:1:      matt_arrival_los_fun, layout_basic, hangedman_decor_push
D:2:      layout_basic
D:3:      layout_loops_ring, serial_shops, shop, minivault_11
D:4:      layout_rooms, mainiacjoe_overflow_brackets
D:6:      layout_basic, temple_green, serial_shops, nicolae_shop_hallway_plus
D:7:      layout_loops_ring, evilmike_ruin_ashenzari, lemuel_tele_altar,
          mainiacjoe_overflow_surrounded_room, serial_shops,
          nicolae_shop_real_fake_doors

Skill      XL: |  1  2  3  4  5 |
---------------+----------------+-----
Earth Magic    | 3 4 |  4.7
Dodging        | 2 |  2.2
Spellcasting   | 3 4 |  4.2
Stealth        | 2 |  2.3
Fighting       | |  0.5
Short Blades   | |  0.5
Throwing       | |  0.3
Transmutations | |  0.8

Action                     |  1- 3 |  4- 6 || total
---------------------------+-------+-------++-------
  Melee: Dagger            |    14 |     8 ||    22
         Headbutt          |       |     1 ||     1
  Throw: Javelin           |     4 |     2 ||     6
   Cast: Sandblast         |    48 |    63 ||   111
  Evoke: Wand              |       |     1 ||     1
    Use: Potion            |     1 |     5 ||     6
         Scroll            |     5 |     4 ||     9
   Stab: Sleeping          |     3 |     1 ||     4
 Armour: Robe              |     1 |     4 ||     5
  Dodge: Dodged            |    23 |    41 ||    64
